 Dungeon Crawl Stone Soup version 0.21-a0-442-g848f44b (webtiles) character file.

31 tof the Twirler (level 3, 21/28 HPs)
             Began as a Demonspawn Gladiator on Nov 12, 2017.
             Quit the game on level 1 of the Dungeon.
             The game lasted 00:02:13 (1182 turns).

tof the Twirler (Demonspawn Gladiator)              Turns: 1182, Time: 00:02:14

Health: 21/28      AC:  4    Str: 14    XL:     3   Next: 7%
Magic:  2/3        EV: 13    Int:  9    God:
Gold:   25         SH:  0    Dex: 15    Spells: 2/2 levels left

rFire    . . .     SeeInvis .   l - +3 whip
rCold    . . .     Gourm    .   (no shield)
rNeg     . . .     Faith    .   b - +0 leather armour
rPois    .         Spirit   +   c - +0 helmet
rElec    .         Reflect  .   (no cloak)
rCorr    .         Harm     .   (no gloves)
MR       .....                  (no boots)
Stlth    ++........             (no amulet)
HPRegen  0.09/turn              g - ring of stealth
MPRegen  0.08/turn              j - ring of flight

@: no status effects
A: claws 1, magic shield
a: Evoke Flight


You were on level 1 of the Dungeon.
You were not hungry.

You visited 1 branch of the dungeon, and saw 1 of its levels.

You collected 25 gold pieces.

Inventory:

Hand Weapons
 a - a +0 quarterstaff
 l - a +3 whip (weapon)
Missiles
 d - 3 throwing nets (quivered)
Armour
 b - a +0 leather armour (worn)
 c - a +0 helmet (worn)
Jewellery
 g - a ring of stealth (left claw)
 j - a ring of flight (right claw)
Scrolls
 e - 4 scrolls of identify {unknown}
 k - 2 scrolls of teleportation {unknown}
Potions
 h - a potion of lignification {unknown}
 i - a potion of curing {unknown}
 m - a potion of invisibility {unknown}
Comestibles
 f - a bread ration
 n - a chunk of flesh


   Skills:
 + Level 2.3 Fighting
 * Level 3.2 Staves
 - Level 1.7 Throwing
 + Level 0.8 Armour
 + Level 2.9 Dodging


You had 2 spell levels left.
You didn't know any spells.

Dungeon Overview and Level Annotations

Branches:
Dungeon (1/15)

Altars:


Innate Abilities, Weirdness & Mutations

You have sharp fingernails.
When hurt, damage is shared between your health and your magic reserves.


Message History

There are monsters nearby!
You are too injured to fight recklessly!
There are monsters nearby!
You are too injured to fight recklessly!
There are monsters nearby!
You are too injured to fight recklessly!
There are monsters nearby!
You are too injured to fight recklessly!
There are monsters nearby!
You are too injured to fight recklessly!
There are monsters nearby!
You are too injured to fight recklessly!
There are monsters nearby!
You are too injured to fight recklessly!
You barely miss the hobgoblin.
The hobgoblin is almost dead.
The hobgoblin closely misses you.
You whack the hobgoblin!
You kill the hobgoblin!
Are you sure you want to abandon this character and quit the game? (Confirm with "yes".)

###.#................
#.#................
#)#########.#######
#...........#
######.###### # #.#
#.########.# .#........#.#
....w..@# #.# .######.#
#.######### #...#.#
#.........#
#.#.#.#.#########.#
#.#.........# #.#
#.#.###...#.# #.#
#.#...#..)# ####.#
##.....#...# ..#.#
#.#####..........#####.#.#


You could see a dart slug.

Vanquished Creatures
  2 dart slugs (D:1)
  4 bats (D:1)
  4 goblins (D:1)
  5 hobgoblins (D:1)
  5 kobolds (D:1)
  4 frilled lizards (D:1)
  3 rats (D:1)
27 creatures vanquished.

Notes
Turn   | Place    | Note
-------+----------+-------------------------------------------
     0 | D:1      | tof the Demonspawn Gladiator began the quest for the Orb.
     0 | D:1      | Reached XP level 1. HP: 16/16 MP: 1/1
    93 | D:1      | Gained mutation: When hurt, damage is shared between your health and your magic reserves. [demonic ancestry]
    93 | D:1      | Reached XP level 2. HP: 10/22 MP: 2/2
   276 | D:1      | Reached skill level 3 in Staves
   348 | D:1      | HP: 1/22 [hobgoblin/club (5)]
  1146 | D:1      | Gained mutation: You have sharp fingernails. [demonic ancestry]
  1146 | D:1      | Reached XP level 3. HP: 28/28 MP: 3/3
  1182 | D:1      | Quit the game

Vault maps used:
D:1:      evilmike_arrival_home_sweet_home, serial_glass, glass_columns_b,
          glass_columns_c, serial_park_tiny_2

Skill      XL: |  1  2 |
---------------+-------+-----
Staves         | 3 |  3.2
Fighting       | |  2.3
Throwing       | |  1.7
Armour         | |  0.8
Dodging        | |  2.9

Action                   || total
-------------------------++-------
Melee: Quarterstaff      ||    48
       Whip              ||    33
 Stab: Sleeping          ||     3
  Eat: Chunk             ||     1
Armor: Leather armour    ||    13
Dodge: Dodged            ||    53

Table legend:
 A = Spawn XP
 B = Non-spawn XP
 C = Spawn XP percentage of total XP
 D = Spawn monster count
 E = Non-spawn monster count
 F = Spawn count percentage of total count
 G = Total turns spent on level
                    A         B        C        D         E        F      G
               +---------+---------+-------+---------+---------+-------+---------
         Total |       0 |      45 |   0.0 |       0 |      27 |   0.0 |  1182
               +---------+---------+-------+---------+---------+-------+---------
           D:1 |       0 |      45 |   0.0 |       0 |      27 |   0.0 |  1182
               +---------+---------+-------+---------+---------+-------+---------
